[Event "RUDAR VI-GM 2024"]
[Site "Pozarevac"]
[Date "2024.02.12"]
[Round "6.2"]
[White "Ahmadzada, Ahmad"]
[Black "Kotronias, Vasilios"]
[Result "1-0"]
[ECO "B82"]
[WhiteElo "2501"]
[BlackElo "2453"]
[Annotator "RC"]
[PlyCount "67"]
[EventDate "2024.02.12"]
[EventType "tourn"]
[EventCountry "SRB"]
[SourceTitle "playchess.com"]
[Source "ChessBase"]
[SourceQuality "1"]
[TimeControl "5400+30"]

1. e4 c5 2. Nf3 d6 3. d4 cxd4 4. Nxd4 Nf6 5. Nc3 Nc6 6. Bc4 Qb6 7. Nb3 e6 8. Be3 Qc7 9. f4 a6 10. Bd3 b5 11. g4 d5 12. g5 Nxe4 13. Nxe4 dxe4 14. Bxe4 Bb7 15. Qf3 O-O-O 16. a4 f5 17. gxf6 gxf6 18. axb5 axb5 19. Qf2 Na5 20. Qf3 Nc6 21. f5 Be7 22. c3 Rhg8 23. Nd4 Nxd4 24. Bxd4 Rd5 25. Bxd5 exd5 26. O-O-O Bd6 27. Kb1 Bc6 28. Rde1 Kb7 29. Re6 Be5 30. Re1 b4 31. cxb4 Bxd4 32. b5 Bd7 33. Qxd5+ Kb8 34. Ra6 1-0

[Event "RUDAR VI-GM 2024"]
[Site "Pozarevac"]
[Date "2024.02.12"]
[Round "6.3"]
[White "Apaar Saxena"]
[Black "Volkov, Dmitriy"]
[Result "1-0"]
[ECO "E68"]
[WhiteElo "2150"]
[BlackElo "2268"]
[Annotator "RC"]
[PlyCount "43"]
[EventDate "2024.02.12"]
[EventType "tourn"]
[EventCountry "SRB"]
[SourceTitle "playchess.com"]
[Source "ChessBase"]
[SourceQuality "1"]
[TimeControl "5400+30"]

1. d4 Nf6 2. c4 g6 3. g3 Bg7 4. Bg2 O-O 5. Nc3 d6 6. Nf3 Nbd7 7. O-O e5 8. e4 exd4 9. Nxd4 Re8 10. Re1 Nc5 11. Rb1 a5 12. Ndb5 Bd7 13. Bf4 Ng4 14. Nd5 Rc8 15. Nbxc7 Rxc7 16. Nxc7 Qxc7 17. Bxd6 Qc8 18. Bxc5 Qxc5 19. Qxd7 Nxf2 20. Qxe8+ Bf8 21. Re2 Nh3+ 22. Kh1 1-0

[Event "RUDAR VI-GM 2024"]
[Site "Pozarevac"]
[Date "2024.02.12"]
[Round "6.4"]
[White "Zemlyanskii, Ivan"]
[Black "Velpula Sarayu"]
[Result "1-0"]
[ECO "E99"]
[WhiteElo "2492"]
[BlackElo "2444"]
[Annotator "TA"]
[PlyCount "71"]
[EventDate "2024.02.12"]
[EventType "tourn"]
[EventCountry "SRB"]
[SourceTitle "playchess.com"]
[Source "ChessBase"]
[SourceQuality "1"]
[TimeControl "5400+30"]

1. d4 Nf6 2. c4 g6 3. Nc3 Bg7 4. e4 d6 5. Nf3 O-O 6. Be2 e5 7. O-O Nc6 8. d5 Ne7 9. Ne1 Nd7 10. Nd3 f5 11. f3 f4 12. b4 g5 13. c5 Nf6 14. a4 h5 15. a5 {[%emt 0:00:03] White is slightly better.} Ng6 16. Nf2 Kh8 17. Kh1 Rf7 18. c6 ({White should try} 18. a6 $16) 18... bxc6 $11 19. dxc6 a6 20. Rg1 {[%emt 0:01:56] [#]} g4 21. fxg4 $16 {[%emt 0:06:43] White has more active pieces. White now steadily converts the win.} hxg4 22. Nxg4 Bf8 (22... Nh5 $16 23. g3 Be6) 23. g3 $18 Rh7 (23... Be6 $142 24. Nxf6 Qxf6) 24. Nxf6 Qxf6 25. Nd5 Qg5 26. gxf4 Qh6 27. Rg2 Bh3 {[%emt 0:00:19] [#]} 28. Rf2 {[%emt 0:04:11] fxe5 is the strong threat.} Qh4 29. Qg1 Bh6 $2 (29... Ne7 30. Ra3 (30. Nxc7 Rg7 $11) 30... Nxd5) 30. Qg3 Qxg3 31. hxg3 Bg7 32. Rh2 (32. Nxc7 Rc8 33. f5 (33. Nxa6 exf4 34. Ra3 Rxc6 $15) 33... Bxf5+ 34. Kg1 Bxe4 $11) 32... exf4 33. Ra3 (33. Nxc7 $2 fxg3 (33... Bxa1 $2 34. Nxa8 fxg3 35. Rxh3 $19) 34. Ra3 (34. Nxa8 $2 gxh2 $19) 34... gxh2 $19 (34... Bg2+ 35. Kxg2 Rxh2+ 36. Kxg3 $19)) 33... f3 34. Bxf3 Ne5 35. Be2 (35. Nxc7 Rc8 36. Nd5 (36. Nxa6 Rxc6 $11) 36... Rxc6 $11) (35. Bg2 Bxg2+ 36. Kxg2 Rxh2+ 37. Kxh2 Nxc6 38. Nxc7 Rc8 $16) 35... Nxc6 $2 (35... Ng4) 36. g4 {[%emt 0:01:21] Weighted Error Value: White=0.30/Black=0.39.  Mistake:       	White=1     	Black=5      Inaccurate:     	White=1     	Black=2      OK:         	White=10    	Black=9      Best:        	White=4     	Black=1} ({Less strong is} 36. Nxc7 Rc8 $16) 1-0

[Event "RUDAR VI-GM 2024"]
[Site "Pozarevac"]
[Date "2024.02.12"]
[Round "6.5"]
[White "Grover, Sahaj"]
[Black "Sutormin, Danila"]
[Result "1-0"]
[ECO "A65"]
[WhiteElo "2503"]
[BlackElo "2353"]
[Annotator "TA"]
[PlyCount "67"]
[EventDate "2024.02.12"]
[EventType "tourn"]
[EventCountry "SRB"]
[SourceTitle "playchess.com"]
[Source "ChessBase"]
[SourceQuality "1"]
[TimeControl "5400+30"]

1. d4 Nf6 2. c4 g6 3. Nc3 Bg7 4. e4 d6 5. f3 O-O 6. Nge2 c5 7. d5 e6 8. Ng3 exd5 9. cxd5 a6 10. a4 Nbd7 11. Be2 Rb8 12. O-O Ne8 13. f4 Nc7 {[%emt 0:01:25] The position is equal.} 14. Kh1 b5 15. e5 dxe5 16. f5 bxa4 17. d6 Ne8 18. Nce4 (18. Rxa4 Nb6 19. d7 Nxd7 $17 (19... Bxd7 20. Rxa6 Nc7 21. Ra5 $11) (19... Qxd7 20. Qxd7 Nxd7 21. fxg6 $11)) 18... Rb4 {[%emt 0:01:04] [#]} (18... Nef6 $11) 19. Bg5 (19. fxg6 $1 $16 hxg6 20. Bg5 (20. Rxa4 Qb6 $16)) 19... Ndf6 20. fxg6 fxg6 21. Rxa4 {[%emt 0:00:00] White is much more active.} (21. Nxc5 Qxd6 22. Nd3 Rb5 $11) 21... Qb6 $2 {[%emt 0:15:33][%mdl 8192] This costs Black the game.} ({Black should try} 21... Kh8 $14) 22. Rxb4 cxb4 23. Nxf6+ Nxf6 24. Bc4+ Kh8 25. Bxf6 Bxf6 26. Ne4 Bf5 27. Nxf6 Rxf6 28. Qd5 Qd8 {[%emt 0:03:30] Prevents Qg8+} 29. g4 {[%emt 0:00:00] [#] Strongly threatening Rxf5.} (29. Bxa6 Qxd6 (29... Rxd6 30. Qxe5+ Qf6 31. Qxf6+ Rxf6 32. Bd3 $11) 30. Qa8+ Rf8 $17) 29... Be4+ (29... Bd7 30. Rxf6 (30. Bxa6 $2 Qb6 $19) 30... Qe8 31. Kg1 (31. Bxa6 Kg7 $18) (31. Rf7 Bc6 $18) 31... Bc6 32. d7 (32. Re6 Bxd5 33. Rxe8+ Kg7 34. d7 Bxc4 35. d8=Q Kh6 36. Qf6 Be6 37. Rxe6 a5 38. h4 b3 39. Qf8#) 32... Bxd7 33. Rf8+ (33. Bxa6 Kg7 $18) 33... Kg7 34. Rxe8 Bxg4 35. Re7+ (35. Qxe5+ Kh6 36. Qe3+ Kg7 37. Re7+ Kf8 38. Rf7+ Kg8 39. Qe8#) 35... Kh6 36. Qd2+ (36. Bxa6 Bh3 37. Qxe5 Bf5 38. Qf4+ g5 39. Qxf5 Kh5 40. Rxh7#) 36... g5 37. h4 Kh5 38. Qxg5#) 30. Qxe4 {[%emt 0:00:00] Rxf6 would kill now.} Rxf1+ 31. Bxf1 Qxd6 32. g5 {[%emt 0:00:00] aiming for Bc4.} Qe7 $2 (32... Kg7 33. Qb7+ Kf8 34. Qxa6 (34. Qxh7 Qd5+ 35. Kg1 Qd4+ 36. Kg2 Qg4+ 37. Kh1 Qf3+ 38. Kg1 Qe3+ 39. Kg2 Qe4+ 40. Kf2 Qf4+ 41. Ke1 Qc1+ 42. Kf2 Qf4+ 43. Ke2 Qc4+ 44. Kd2 Qf4+ 45. Ke1 Qc1+ 46. Kf2 Qf4+ $11) 34... Qd8) 33. h4 $18 Qc5 34. Bc4 {[%emt 0:00:00] Weighted Error Value: White=0.10 (very precise) /Black=0.86.  Loses game:     	---       	Black=1      Mistake:       	White=1     	Black=2      Inaccurate:     	White=1     	Black=3      OK:         	White=8     	Black=6      Best:        	White=3     	Black=2} 1-0

[Event "RUDAR VI-GM 2024"]
[Site "Pozarevac"]
[Date "2024.02.13"]
[Round "7.1"]
[White "Sutormin, Danila"]
[Black "Krishna Teja, N."]
[Result "1-0"]
[ECO "B03"]
[WhiteElo "2353"]
[BlackElo "2349"]
[Annotator "TA"]
[PlyCount "58"]
[EventDate "2024.02.12"]
[EventType "tourn"]
[EventCountry "SRB"]
[SourceTitle "playchess.com"]
[Source "ChessBase"]
[SourceQuality "1"]
[TimeControl "5400+30"]

1. e4 Nf6 2. e5 Nd5 3. d4 d6 4. c4 Nb6 5. f4 dxe5 6. fxe5 Bf5 7. Nc3 e6 8. Be3 Be7 9. Nf3 O-O 10. Be2 Nc6 11. O-O f6 12. exf6 Bxf6 13. Qd2 Qe7 14. Rad1 Rad8 15. Kh1 Bg4 16. Ne4 Bxf3 17. Nxf6+ {[%emt 0:00:38] White has an edge.} (17. Bxf3 $2 {is the wrong capture.} Nxc4 18. Nxf6+ Qxf6 $19) 17... Rxf6 18. gxf3 Rf5 19. Qc2 Qf6 20. Qe4 Ra5 (20... Nc8 $11) 21. Rg1 $16 Qf5 $2 {[%emt 0:03:29] [#] This costs Black the game.} (21... Rxa2 $2 {loses.} 22. Bg5 Qf7 23. Bxd8 Nxd8 24. d5 exd5 25. cxd5 $18) (21... Rf5 $16 22. f4 Qf7) 22. d5 $1 $18 Qxe4 23. fxe4 exd5 24. exd5 ({Don't play} 24. cxd5 Ne5 25. Bd4 Nbd7 $18) 24... Ne7 25. Bd4 g6 26. Rdf1 {[%emt 0:01:28] [#] Wards off Nf5. Strongly threatening Bg4.} Nd7 $2 (26... Ra6 {is a better chance.} 27. Bf6 Re8) 27. Bg4 {[%emt 0:06:40][%cal Rg4e6] This pair of bishops is nice. White is clearly winning.} Nf8 {[%emt 0:00:19] Black is weak on the dark squares} 28. Re1 Re8 29. Re3 {[%emt 0:02:21] aiming for Rge1.} Rb8 {[%emt 0:04:02] Weighted Error Value: White=0.13 (very precise) /Black=0.58.  Loses game:     	---       	Black=1      Mistake:       	---       	Black=2      Inaccurate:     	White=2     	Black=2      OK:         	White=7     	Black=3      Best:        	---       	Black=2      Brilliant:      	White=1     	---} 1-0

[Event "RUDAR VI-GM 2024"]
[Site "Pozarevac"]
[Date "2024.02.13"]
[Round "7.2"]
[White "Velpula Sarayu"]
[Black "Grover, Sahaj"]
[Result "0-1"]
[ECO "C45"]
[WhiteElo "2444"]
[BlackElo "2503"]
[Annotator "TA"]
[PlyCount "84"]
[EventDate "2024.02.12"]
[EventType "tourn"]
[EventCountry "SRB"]
[SourceTitle "playchess.com"]
[Source "ChessBase"]
[SourceQuality "1"]
[TimeControl "5400+30"]

1. e4 e5 2. Nf3 Nc6 3. d4 exd4 4. Nxd4 Qf6 5. Nf3 Bb4+ 6. c3 Bc5 7. Be2 h6 8. O-O {[%emt 0:03:05] The position is equal.} Nge7 9. Qc2 a5 10. Na3 Bxa3 11. bxa3 Ng6 12. g3 b6 {[%emt 0:13:05] [#]} (12... O-O $11) 13. Nd4 $1 $14 Bb7 14. Be3 O-O-O (14... O-O $14) 15. f4 Rde8 (15... h5 $142) 16. Bf3 $16 Nxd4 17. cxd4 (17. Bxd4 Qe7 $14) 17... Qc6 18. Qd3 Rxe4 (18... d5 $16 {keeps fighting.}) 19. Bxe4 $2 (19. f5 $1 $18 {[%cal Oa1c1] Strongly threatening Rac1!} Ne7 20. Bf4 (20. Qxe4 Qxe4 21. Bxe4 Bxe4 $11) (20. d5 Rxe3 21. Qxe3 Nxd5 $14)) 19... Qxe4 $11 20. Qxe4 Bxe4 21. f5 Ne7 $36 {[%emt 0:00:20][%mdl 2048] Black has the initiative.} 22. f6 gxf6 23. Rxf6 Bg6 $1 ({Much weaker is} 23... Nd5 24. Rxh6 Rg8 25. Bd2 $18) 24. Bd2 Nf5 25. d5 d6 26. Bc3 {[%emt 0:08:44][%cal Of6g6] Rxg6! is the strong threat.} Re8 (26... Ne3 $2 27. Rf3 $18 (27. Rxg6 fxg6 28. Bxh8 Kd7 $18)) 27. Rd1 (27. Rf1 $11 Ne7 28. Re1) 27... h5 $17 {[%emt 0:00:19][%mdl 1024] Black has strong compensation.} 28. Rd2 Re3 29. Bb2 Re4 30. Kf2 Kd7 31. h3 b5 32. Kf3 Re1 ({Not} 32... Ne3 $2 33. Rxg6 Nc4 34. Kxe4 $18) 33. Kf2 Rh1 34. Kg2 {[%emt 0:00:45] [#] Prevents Rh2+.} Re1 (34... Rb1 $1 $17 {Hoping for ...Ne3+.} 35. Kf2 Ne7) 35. Kf2 {[%emt 0:00:22] [#] Dodges Ne3} (35. g4 $11 {remains equal.} hxg4 36. hxg4) 35... Re8 ({Black should play} 35... Rb1 $1 $17) 36. Bc3 a4 37. Rd3 (37. Ba5 $11) 37... Re4 38. Rd2 Rc4 39. Bb2 h4 40. gxh4 Rxh4 41. Kg2 Rh5 42. Bd4 Ne7 {[%emt 0:01:05] Weighted Error Value: White=0.24 (precise) /Black=0.14 (very precise) .  Missed win:     	White=1     	---        Mistake:       	White=3     	Black=6      Inaccurate:     	White=3     	Black=1      OK:         	White=16    	Black=19     Best:        	---       	Black=1      Strong:       	---       	Black=1} 0-1

[Event "RUDAR VI-GM 2024"]
[Site "Pozarevac"]
[Date "2024.02.13"]
[Round "7.3"]
[White "Volkov, Dmitriy"]
[Black "Zemlyanskii, Ivan"]
[Result "0-1"]
[ECO "B72"]
[WhiteElo "2268"]
[BlackElo "2492"]
[Annotator "RC"]
[PlyCount "148"]
[EventDate "2024.02.12"]
[EventType "tourn"]
[EventCountry "SRB"]
[SourceTitle "playchess.com"]
[Source "ChessBase"]
[SourceQuality "1"]
[TimeControl "5400+30"]

1. e4 c5 2. Nf3 d6 3. d4 cxd4 4. Nxd4 Nf6 5. Nc3 g6 6. Be3 Nc6 7. f3 h5 8. Qd2 Nxd4 9. Bxd4 Bh6 10. Bb5+ Bd7 11. Qe2 Bc6 12. Rd1 Bg7 13. e5 dxe5 14. Qxe5 O-O 15. Bxc6 bxc6 16. O-O Qd7 17. Rfe1 Rfe8 18. Rd3 Qb7 19. b3 Rad8 20. Red1 Rd7 21. Qa5 Ra8 22. Be5 Rxd3 23. Rxd3 h4 24. Qc7 Qxc7 25. Bxc7 Ne8 26. Ba5 Nd6 27. Ne4 Nf5 28. Kf1 Be5 29. h3 Bd4 30. Ke2 f6 31. c3 Bb6 32. Bb4 Rc8 33. Bc5 Kf7 34. b4 Bxc5 35. Nxc5 Nd6 36. a4 f5 37. a5 g5 38. Rd4 Nb5 39. Rd3 Nd6 40. Rd4 Rd8 41. c4 e5 42. Rd1 Ke7 43. Rc1 Rb8 44. Na6 Rg8 45. Kf2 g4 46. hxg4 fxg4 47. fxg4 Rxg4 48. Nb8 Ne4+ 49. Kf3 Rf4+ 50. Ke3 Kd6 51. b5 cxb5 52. cxb5 Nf6 53. Nc6 Nd5+ 54. Ke2 Ra4 55. Nxa7 Rxa5 56. b6 e4 57. Rc6+ Kd7 58. Rc4 Ra2+ 59. Ke1 Ra1+ 60. Kf2 e3+ 61. Ke2 Ra2+ 62. Ke1 Rb2 63. Nc6 Kd6 64. Nd4 Rxb6 65. Nf5+ Ke5 66. Nxh4 Nf4 67. Nf3+ Kf5 68. Nd4+ Kg4 69. Ne2 Rb1+ 70. Nc1 Kg3 71. Kd1 Rb2 72. Rc2 Rb1 73. Rc3 Kf2 74. Kc2 Rxc1+ 0-1

[Event "RUDAR VI-GM 2024"]
[Site "Pozarevac"]
[Date "2024.02.13"]
[Round "7.4"]
[White "Kotronias, Vasilios"]
[Black "Apaar Saxena"]
[Result "0-1"]
[ECO "C47"]
[WhiteElo "2453"]
[BlackElo "2150"]
[Annotator "TA"]
[PlyCount "50"]
[EventDate "2024.02.12"]
[EventType "tourn"]
[EventCountry "SRB"]
[SourceTitle "playchess.com"]
[Source "ChessBase"]
[SourceQuality "1"]
[TimeControl "5400+30"]

1. e4 e5 2. Nf3 Nc6 3. Nc3 Nf6 4. d4 exd4 5. Nxd4 Bb4 6. Nxc6 bxc6 7. Bd3 O-O 8. O-O d5 9. exd5 cxd5 10. h3 Re8 11. Qf3 Rb8 12. Bg5 {[%emt 0:03:56] Black should prevent Bxf6. The position is equal.} Bb7 13. Rad1 Be7 {[%emt 0:10:05] ...d4 would now be deadly.} 14. Nb5 c5 15. Rfe1 Qb6 16. Qg3 {[%emt 0:10:05][%cal Oe1e7] Hoping for Rxe7!} Nh5 17. Qe5 f6 $1 18. Qe2 (18. Qc7 $1 $14 {was the only good move.} Qxc7 19. Nxc7 fxg5 20. Nxe8 (20. Bb5 Kf8 $14) 20... Rxe8 21. Bb5) 18... g6 (18... fxg5 $17 19. Qxh5 g6) 19. Bh6 $15 c4 $36 {[%emt 0:06:02][%mdl 2048] Black is pushing.} 20. Bxc4 $1 dxc4 21. Qxc4+ Kh8 {[%emt 0:00:11] Threatens to win with ...Bc5.} 22. Nc7 ({White should play} 22. Re6 $15 Qc5 23. Qxc5 Bxc5 24. Rxe8+ Rxe8 25. Nd6 Bxd6 26. Rxd6) 22... Rbc8 $17 23. Rd7 {[%emt 0:15:41] [#]} (23. Nd5 $17 Rxc4 24. Nxb6) 23... Bc5 $1 $19 24. Rxe8+ (24. Nxe8 $2 {perishes.} Bxf2+ (24... Qxb2 25. Qxc5 Rxc5 26. Nd6 Rc8 27. Nxc8) 25. Kh1 Rxc4) 24... Rxe8 25. Nxe8 (25. Qe2 $19 Rg8 (25... Rxe2 26. Rd8+) (25... Bxf2+ 26. Qxf2 Qc6 27. Qe2 $11) 26. Nd5) 25... Bxf2+ {[%emt 0:00:02] Weighted Error Value: White=0.81/Black=0.11 (very precise) .  Loses game:     	White=1     	---        Mistake:       	White=3     	Black=1      Inaccurate:     	White=1     	Black=1      OK:         	White=7     	Black=2      Best:        	White=1     	Black=4      Strong:       	White=1     	Black=2} 0-1

[Event "RUDAR VI-GM 2024"]
[Site "Pozarevac"]
[Date "2024.02.13"]
[Round "7.5"]
[White "Garifullina, Leya"]
[Black "Ahmadzada, Ahmad"]
[Result "1/2-1/2"]
[ECO "A62"]
[WhiteElo "2422"]
[BlackElo "2501"]
[Annotator "RC"]
[PlyCount "28"]
[EventDate "2024.02.12"]
[EventType "tourn"]
[EventCountry "SRB"]
[SourceTitle "playchess.com"]
[Source "ChessBase"]
[SourceQuality "1"]
[TimeControl "5400+30"]

1. d4 Nf6 2. c4 e6 3. g3 c5 4. d5 exd5 5. cxd5 d6 6. Nc3 g6 7. Nf3 Bg7 8. Bg2 O-O 9. O-O Re8 10. Re1 Na6 11. Nd2 Ng4 12. h3 Ne5 13. f4 Nd7 14. Kh2 Rb8 1/2-1/2

[Event "RUDAR VI-GM 2024"]
[Site "Pozarevac"]
[Date "2024.02.14"]
[Round "8.1"]
[White "Krishna Teja, N."]
[Black "Ahmadzada, Ahmad"]
[Result "1/2-1/2"]
[ECO "A37"]
[WhiteElo "2349"]
[BlackElo "2501"]
[Annotator "TA"]
[PlyCount "23"]
[EventDate "2024.02.12"]
[EventType "tourn"]
[EventCountry "SRB"]
[SourceTitle "playchess.com"]
[Source "ChessBase"]
[SourceQuality "1"]
[TimeControl "5400+30"]

1. Nf3 c5 2. c4 Nc6 3. Nc3 e5 4. g3 g6 5. Bg2 Bg7 6. O-O Nge7 7. a3 a5 8. Ne1 d6 9. Nc2 Be6 10. Ne3 O-O 11. d3 Qd7 12. Ned5 {[%emt 0:00:49] Black did not feel at home in the position after the opening.   Weighted Error Value: White=0.00 (flawless) /Black=0.08 (flawless) .  OK:         	White=4     	---} 1/2-1/2

[Event "RUDAR VI-GM 2024"]
[Site "Pozarevac"]
[Date "2024.02.14"]
[Round "8.2"]
[White "Apaar Saxena"]
[Black "Garifullina, Leya"]
[Result "1/2-1/2"]
[ECO "E04"]
[WhiteElo "2150"]
[BlackElo "2422"]
[Annotator "TA"]
[PlyCount "55"]
[EventDate "2024.02.12"]
[EventType "tourn"]
[EventCountry "SRB"]
[SourceTitle "playchess.com"]
[Source "ChessBase"]
[SourceQuality "1"]
[TimeControl "5400+30"]

1. d4 Nf6 2. c4 e6 3. Nf3 d5 4. g3 dxc4 5. Bg2 a6 6. O-O Nc6 7. a4 Rb8 8. a5 Bb4 9. Ra4 Be7 (9... Bxa5 $2 10. Ne5 Nxe5 11. dxe5 $18) 10. Nbd2 Nxd4 {[%emt 0:00:23] The position is equal.} 11. Nxd4 (11. Nxc4 Nxf3+ 12. Bxf3 Qxd1 13. Rxd1 Bd7 $17) 11... Qxd4 12. Rxc4 Qd8 13. Qc2 O-O 14. Rd1 (14. Rxc7 Nd5 15. Rc4 Qxa5 $17) 14... Bd7 15. Ne4 (15. Nb3 $1 $11) 15... Nd5 $1 $15 16. Nc3 Nxc3 17. Qxc3 ({Better is} 17. Rxc3 $11 Bd6 18. Bf4) 17... Bd6 $1 18. Bf4 {[%emt 0:09:16] [#]} Bb5 $1 19. Rcd4 Bxe2 20. Bxd6 (20. Rc1 $142) 20... cxd6 $17 21. Rxd6 Qg5 ({Black should try} 21... Bxd1 $17 22. Rxd8 Rfxd8) 22. Qd2 $36 {[%emt 0:03:27][%mdl 2048] White is more active.} (22. h4 {is more complex.} Qf5 23. Rc1 Rbd8 24. Rxd8 Rxd8 25. Qd2) 22... Qxd2 23. R1xd2 Bb5 24. h4 (24. Rb6 $6 Rfe8 $16) 24... g6 25. Rb6 Rfc8 26. Bxb7 Rc7 {[%emt 0:01:48] [#]} (26... Rc1+ $11 27. Kh2 Kf8) 27. Bf3 (27. Bxa6 $2 {perishes.} Rxb6 (27... Rc1+ $2 28. Kh2 $19) 28. axb6 (28. Rd8+ $2 Kg7 $19) 28... Rc1+ (28... Bxa6 $2 {loses.} 29. bxc7 Kg7 30. Rd6 $18) 29. Kh2 Bxa6 $19) (27. Bc6 $1 $18 Rxb6 28. axb6 Rxc6 29. b7) 27... Rbc8 $11 28. Bb7 {[%emt 0:03:38] Weighted Error Value: White=0.26 (precise) /Black=0.27 (precise) .  Mistake:       	White=4     	Black=2      Inaccurate:     	White=3     	Black=1      OK:         	White=5     	Black=6      Best:        	White=2     	Black=2      Strong:       	---       	Black=3} 1/2-1/2

[Event "RUDAR VI-GM 2024"]
[Site "Pozarevac"]
[Date "2024.02.14"]
[Round "8.3"]
[White "Zemlyanskii, Ivan"]
[Black "Kotronias, Vasilios"]
[Result "1-0"]
[ECO "E94"]
[WhiteElo "2492"]
[BlackElo "2453"]
[Annotator "TA"]
[PlyCount "97"]
[EventDate "2024.02.12"]
[EventType "tourn"]
[EventCountry "SRB"]
[SourceTitle "playchess.com"]
[Source "ChessBase"]
[SourceQuality "1"]
[TimeControl "5400+30"]

1. d4 Nf6 2. c4 g6 3. Nc3 Bg7 4. e4 d6 5. Nf3 O-O 6. Be2 e5 7. O-O Bg4 8. d5 a5 9. Be3 {[%emt 0:00:03] E94: King's Indian: Classical: 6 Be2 e5 7 0-0: Various Black 7th moves.} Na6 10. Nd2 Bd7 11. a3 h5 12. f3 Nh7 13. Rb1 b6 14. b4 f5 15. bxa5 $146 ({Predecessor:} 15. c5 axb4 16. axb4 bxc5 17. bxc5 Nxc5 18. Bxc5 dxc5 19. Bb5 Bxb5 20. Nxb5 {0-1 Yankelevich,L (2416)-Kotronias,V (2522) Belgrade Radnicki GM 2nd 2021 (5)}) 15... Nc5 16. axb6 cxb6 17. a4 h4 18. Nb5 (18. h3 $16) 18... Bf6 19. Qe1 (19. Nxd6 $2 Bxa4 (19... Nxa4 20. Nb7 $16) 20. Qe1 Qxd6 $19) 19... Qe7 20. Nc3 Bg5 21. Bf2 Qd8 22. Rb4 ({White should play} 22. exf5 $1 $16 gxf5 23. Kh1) 22... Rf7 23. Nb3 ({Better is} 23. Kh1 $16) 23... h3 $1 $11 24. g3 Nf6 (24... fxe4 $14 25. Nxe4 Nxe4 26. fxe4 Rxa4) 25. exf5 $1 $16 gxf5 26. Nxc5 (26. Qb1 {with more complications.} f4 27. Nxc5 bxc5 28. Rb7) 26... bxc5 27. Rb2 Qf8 28. Bd3 (28. Qb1 $16) 28... Re8 ({Black should try} 28... e4 $1 $11 29. fxe4 Ng4 30. exf5 Ne5) 29. Re2 $14 e4 30. fxe4 Ng4 31. exf5 Ne5 $1 32. Qd1 $1 Bxf5 33. Bxf5 Rxf5 34. Ne4 Nf3+ 35. Kh1 Nd4 36. Ree1 Rxe4 $2 (36... Nf3 $16 37. Nxg5 (37. Nxd6 Rxe1 38. Bxe1 Qxd6 $15) 37... Rxe1 38. Rxe1 (38. Bxe1 Nxg5 39. Rxf5 Qxf5 $16) 38... Rxg5) 37. Rxe4 $18 Rxf2 38. Rf4 $1 Rxf4 39. gxf4 Qf5 40. Qe1 $1 (40. fxg5 Qe4+) 40... Bh4 $2 {[%emt 0:00:00] [#]} (40... Bxf4 $2 41. Qe7 $18) (40... Bf6 41. Qe8+ Kg7) 41. Qe8+ $1 $18 (41. Rg1+ Kf7 42. Qb1 Nc2 (42... Qxf4 $2 43. Qh7+ Kf6 44. Qg7+ Kf5 45. Qf7+ Ke4 46. Qxf4+ Kxf4 47. a5 $18) 43. Qb7+ Be7 $11) 41... Kh7 {[%emt 0:00:00] [#]} 42. Rg1 $1 ({Weaker is} 42. a5 Bf2 $11) 42... Bf6 43. a5 Kh6 44. a6 Nf3 45. Qe6 ({Inferior is} 45. a7 Nxg1 46. a8=Q (46. a8=B {is a self mate.} Ne2 47. Qf8+ Kh5 48. Qf7+ Kh4) 46... Qd3 $11) 45... Qxf4 46. Qxh3+ Nh4 47. Qg4 Qf2 48. a7 Be5 49. Qg5+ 1-0

[Event "RUDAR VI-GM 2024"]
[Site "Pozarevac"]
[Date "2024.02.14"]
[Round "8.4"]
[White "Grover, Sahaj"]
[Black "Volkov, Dmitriy"]
[Result "1-0"]
[ECO "B51"]
[WhiteElo "2503"]
[BlackElo "2268"]
[Annotator "TA"]
[PlyCount "93"]
[EventDate "2024.02.12"]
[EventType "tourn"]
[EventCountry "SRB"]
[SourceTitle "playchess.com"]
[Source "ChessBase"]
[SourceQuality "1"]
[TimeControl "5400+30"]

1. e4 c5 2. Nf3 Nc6 3. Bb5 d6 4. O-O Bd7 5. Re1 Nf6 6. c3 a6 7. Bf1 Bg4 8. d4 cxd4 9. cxd4 Bxf3 10. gxf3 d5 11. Nc3 e6 {[%emt 0:00:09] White is slightly better.} 12. Bg5 $1 Be7 13. Bxf6 $1 Bxf6 14. exd5 Nxd4 15. Re4 Nf5 16. dxe6 O-O {[%emt 0:00:06] Black is weak on the light squares} 17. exf7+ Kh8 $1 (17... Rxf7 $2 {too greedy.} 18. Bc4 $18) 18. Qd5 Nd6 19. Re3 Nxf7 20. Rd1 ({Reject} 20. Qxb7 Bd4 21. Re2 Ra7 $11) 20... Qxd5 21. Nxd5 Rad8 22. f4 b5 23. b4 Rd6 {[%emt 0:02:35] Prevents Re6} 24. Bg2 Rfd8 25. Rde1 {[%emt 0:00:44] White wants to mate with Re8+.} g6 26. Re6 Bb2 27. Re7 Kg8 28. Nc7 Bc3 29. Re8+ Rxe8 30. Rxe8+ Kg7 31. Nd5 Bd4 32. Bf3 Nd8 33. Re7+ Kg8 34. Nc7 {[%emt 0:00:36] Hoping for Bd5+.} Bf6 35. Re3 {[%emt 0:00:07] Ne8 would now be deadly. White is much more active.} h5 $2 {[%emt 0:01:17] [#]} (35... Kf8 $16) 36. Bd5+ $2 (36. Ne8 $1 $18 Rb6 37. Nxf6+ Rxf6 38. Re8+ Rf8 39. Bd5+ Kg7 40. Re7+ Kf6 41. Ra7) 36... Kh7 {[%emt 0:00:07] [#]} (36... Kf8 $16) 37. Ne8 $1 $18 Rb6 38. Nxf6+ Rxf6 {[%emt 0:00:02][%mdl 4096] Endgame. KRB-KRN} 39. Re7+ Kh6 40. Rd7 Rf8 (40... Nc6 $16) 41. Kg2 h4 42. Kh3 Rxf4 43. Rxd8 Rxb4 44. Ra8 Rd4 45. Bb3 Kg5 46. Kg2 Rd6 47. h3 {[%emt 0:00:44] Weighted Error Value: White=0.13 (very precise) /Black=0.33.  Loses game:     	---       	Black=2      Mistake:       	White=1     	Black=1      Inaccurate:     	White=2     	Black=3      OK:         	White=19    	Black=17     Best:        	White=3     	Black=2      Strong:       	White=3     	Black=1} 1-0